 Dungeon Crawl Stone Soup version 0.22-a0-445-g8c8ef71 (webtiles) character file.

442 Supreme the Chiller (level 7, -11/46 HPs)
             Began as a Merfolk Ice Elementalist on June 2, 2018.
             Was an Initiate of the Shining One.
             Mangled by an ogre
             ... wielding a +0 giant club
              (21 damage)
             ... on level 5 of the Dungeon.
             The game lasted 00:45:49 (4369 turns).

Supreme the Chiller (Merfolk Ice Elementalist)      Turns: 4369, Time: 00:45:50

Health: -11/46     AC:  8    Str:  9    XL:     7   Next: 2%
Magic:  9/14       EV: 13    Int: 14    God:    the Shining One [......]
Gold:   152        SH:  0    Dex: 16    Spells: 1/15 levels left

rFire    . . .     SeeInvis .   x - +2 mace (protect)
rCold    . . .     Gourm    .   (no shield)
rNeg     . . .     Faith    .   a - +0 robe
rPois    .         Spirit   .   (no helmet)
rElec    .         Reflect  .   q - +0 cloak
rCorr    .         Harm     .   (no gloves)
MR       .....                  (no boots)
Stlth    +.........             (no amulet)
HPRegen  0.15/turn              i - ring of wizardry
MPRegen  0.14/turn              (no ring)

@: icy armour, glowing
A: change form in water, swift swim, stealthy swim
a: Renounce Religion


You were on level 5 of the Dungeon.
You worshipped the Shining One.
The Shining One was noncommittal.
You were not hungry.

You visited 1 branch of the dungeon, and saw 5 of its levels.

You collected 152 gold pieces.

Inventory:

Hand Weapons
 j - a +0 dagger of protection
 o - a +0 hunting sling
 t - a +0 morningstar
 x - a +2 mace of protection (weapon)
 C - a cursed -3 dagger
 G - a +1 quarterstaff of protection
Missiles
 b - 100 stones (quivered)
 y - 6 curare-tipped needles
 D - 8 needles of sleeping
Armour
 a - a +0 robe (worn)
 q - a +0 cloak (worn)
 B - a +2 leather armour of poison resistance
Jewellery
 i - a ring of wizardry (left hand)
 w - an uncursed ring of stealth {unknown}
Scrolls
 d - a scroll of enchant weapon {unknown}
 e - a scroll of identify {unknown}
 g - a scroll of magic mapping {unknown}
 l - 3 scrolls of enchant armour {unknown}
 m - 3 scrolls of fear {unknown}
 n - a scroll of teleportation {unknown}
 r - 5 scrolls of remove curse {unknown}
 u - 2 scrolls of blinking {unknown}
 H - a scroll of immolation {unknown}
Potions
 f - 2 potions of curing {unknown}
 h - 2 potions of heal wounds {unknown}
 k - a potion of flight {unknown}
 p - a potion of ambrosia {unknown}
 s - a potion of magic {unknown}
 v - a potion of lignification {unknown}
 z - 2 potions of degeneration {unknown}
 A - 2 potions of mutation {unknown}
 F - a potion of brilliance {unknown}
Comestibles
 c - 7 rations
 E - a chunk of flesh


   Skills:
 + Level 3.0 Dodging
 + Level 2.2 Stealth
 + Level 4.7 Spellcasting
 - Level 1.0 Conjurations
 + Level 6.4 Ice Magic


You had one spell level left.
You knew the following spells:

 Your Spells              Type           Power        Failure   Level  Hunger
a - Freeze                Ice            ###.         1%          1    None
b - Throw Frost           Conj/Ice       ##....       2%          2    ##.....
c - Ozocubu's Armour      Chrm/Ice       ##......     6%          3    ###....
d - Throw Icicle          Conj/Ice       ##......     16%         4    ####...
e - Summon Ice Beast      Ice/Summ       ##......     19%         4    ####...

Your spell library contained the following spells:

 Spells                   Type           Power        Failure   Level  Hunger


Dungeon Overview and Level Annotations

Branches:
Dungeon (5/15)
 Temple: D:4-7

Altars:
Makhleb
Sif Muna
Xom
The Shining One

Shops:
D:4 :

Annotations:
D:5 Prince Ribbit


Message History

Aim: an ogre, wielding a giant club (lightly wounded)
You freeze the ogre.
The ogre is lightly wounded.
The ogre barely misses you.
Casting: Freeze (safe; 1% risk of failure)
Confirm with . or Enter, or press ? or * to list all spells.
Aiming: Freeze (safe; 1% risk of failure)
Press: ? - help, Shift-Dir - straight line, f/p - ogre
Aim: an ogre, wielding a giant club (lightly wounded)
You freeze the ogre.
The ogre is heavily wounded.
Casting: Freeze (safe; 1% risk of failure)
Confirm with . or Enter, or press ? or * to list all spells.
Aiming: Freeze (safe; 1% risk of failure)
Press: ? - help, Shift-Dir - straight line, f/p - ogre
Aim: an ogre, wielding a giant club (heavily wounded)
You freeze the ogre.
The ogre is severely wounded.
The ogre hits you with a giant club!!
You die...

####....................#
#..........###########..#
#.########## #..# #.#
#..# #.#
##############..# #.#
#...............# #.#
#.......######.## #.#
#.......# #.#
##'#######......@######.#
#................O....#.#
#...........#########)#.#
#...........+ .?......#.#
#...........# #########.#
#...........# #.......#
############# #.#######
#######.## #........##


You could see an ogre.

Vanquished Creatures
  The ghost of tstbtto the Chopper, an amateur TeBe of Trog (D:3)
  A howler monkey (D:4)
  A hound (D:4)
  2 jellies (D:2)
  An orc priest (D:4)
  An iron imp (D:5)
  An orc wizard (D:4)
  A worker ant (D:4)
  3 adders
  An adder skeleton (D:4)
  A worm (D:2)
  A dart slug (D:2)
  4 leopard geckos
  10 orcs
  2 giant cockroaches (D:1)
  9 goblins
  5 hobgoblins
  An iguana (D:2)
  8 jackals
  9 kobolds
  2 quokkas
  3 bats
  3 frilled lizards
  A goblin skeleton (D:5)
  2 goblin zombies (D:5)
  2 hobgoblin zombies (D:5)
  A jackal skeleton (D:5)
  A kobold zombie (D:5)
  3 orc skeletons (D:5)
  2 orc zombies (D:5)
  7 rats
90 creatures vanquished.

Notes
Turn   | Place    | Note
-------+----------+-------------------------------------------
     0 | D:1      | Supreme the Merfolk Ice Elementalist began the quest for the Orb.
     0 | D:1      | Reached XP level 1. HP: 13/13 MP: 3/3
   177 | D:1      | Reached XP level 2. HP: 14/19 MP: 1/5
   181 | D:1      | Learned a level 2 spell: Throw Frost
   265 | D:1      | Reached skill level 4 in Ice Magic
   634 | D:1      | Reached XP level 3. HP: 22/24 MP: 2/6
  1402 | D:2      | Found a shimmering altar of Xom.
  1426 | D:2      | Learned a level 3 spell: Ozocubu's Armour
  1434 | D:2      | Reached skill level 5 in Ice Magic
  1474 | D:2      | Reached XP level 4. HP: 28/30 MP: 1/7
  1878 | D:2      | Reached XP level 5. HP: 21/35 MP: 2/8
  2231 | D:2      | Found a deep blue altar of Sif Muna.
  2231 | D:2      | Found a shimmering altar of Xom.
  2232 | D:2      | Found a burning altar of Makhleb.
  2236 | D:2      | Reached skill level 6 in Ice Magic
  2889 | D:3      | Noticed tstbtto's ghost (amateur TeBe)
  2902 | D:3      | Killed tstbtto's ghost
  2935 | D:3      | Reached XP level 6. HP: 19/41 MP: 3/11
  3422 | D:4      | Learned a level 4 spell: Throw Icicle
  3456 | D:4      | Found Aratinn's Book Shoppe.
  3568 | D:4      | Reached skill level 1 in Conjurations
  4127 | D:5      | Entered Level 5 of the Dungeon
  4153 | D:5      | Learned a level 4 spell: Summon Ice Beast
  4154 | D:5      | Found a glowing golden altar of the Shining One.
  4172 | D:5      | Reached XP level 7. HP: 33/46 MP: 9/14
  4188 | D:5      | Became a worshipper of the Shining One
  4215 | D:5      | Noticed Prince Ribbit
  4369 | D:5      | Mangled by an ogre

Vault maps used:
D:1:      zelgadis_glass_arrival_small, kennysheep_small_spiral, minivault_24
D:2:      gammafunk_temple_overflow_claw, first_ration, dk_xom_monty_hall
D:4:      serial_shops, shop
D:5:      serial_shops, kennysheep_mini_moat, nicolae_tso_besieged_by_evil,
          uniq_pikel, uniq_prince_ribbit1

Skill      XL: |  1  2  3  4  5  6 |
---------------+-------------------+-----
Ice Magic      | 4 5 6 |  6.4
Spellcasting   | 3 4 |  4.7
Dodging        | 3 |  3.0
Conjurations   | 1 |  1.0
Stealth        | |  2.2

Action                   |  1- 3 |  4- 6 |  7- 9 || total
-------------------------+-------+-------+-------++-------
Melee: Dagger            |     2 |    21 |       ||    23
       Mace              |       |    30 |    23 ||    53
 Cast: Freeze            |    60 |    83 |     5 ||   148
       Ozocubu's Armour  |       |     7 |     2 ||     9
       Throw Frost       |       |       |     1 ||     1
       Throw Icicle      |       |       |     1 ||     1
 Stab: Sleeping          |     1 |     6 |       ||     7
  Eat: Chunk             |     3 |     6 |     1 ||    10
       Ration            |       |     1 |       ||     1
Armor: Robe              |     5 |    21 |     5 ||    31
Dodge: Dodged            |    30 |    75 |    12 ||   117

Table legend:
 A = Spawn XP
 B = Non-spawn XP
 C = Spawn XP percentage of total XP
 D = Spawn monster count
 E = Non-spawn monster count
 F = Spawn count percentage of total count
 G = Total turns spent on level
                    A         B        C        D         E        F      G
               +---------+---------+-------+---------+---------+-------+---------
         Total |       0 |     632 |   0.0 |       0 |      90 |   0.0 |  4369
               +---------+---------+-------+---------+---------+-------+---------
           D:1 |       0 |      52 |   0.0 |       0 |      30 |   0.0 |  1177
           D:2 |       0 |     122 |   0.0 |       0 |      14 |   0.0 |  1106
           D:3 |       0 |     150 |   0.0 |       0 |      17 |   0.0 |  1059
           D:4 |       0 |     243 |   0.0 |       0 |      15 |   0.0 |   785
           D:5 |       0 |      65 |   0.0 |       0 |      14 |   0.0 |   242
               +---------+---------+-------+---------+---------+-------+---------
